 Dungeon Crawl Stone Soup version 0.30.1-11-g7821555f0a (webtiles) character file.

Game seed: 3867703214313735888

92706 Jerry the Basher (level 15, -5/149 HPs)
             Began as a Troll Gladiator on Dec 7, 2023.
             Was the Champion of the Shining One.
             Shot with an arrow by Nessos (8 damage)
             ... on level 14 of the Dungeon.
             The game lasted 02:07:51 (19651 turns).

Jerry the Basher (Troll Gladiator)                 Turns: 19651, Time: 02:07:51

Health: -5/149     AC:  7    Str: 28    XL:     15   Next: 58%
Magic:  19/21      EV: 16    Int:  6    God:    the Shining One [******]
Gold:   2383       SH: 10    Dex: 19    Spells: 14/14 levels left

rFire   + . .        g - +7 giant spiked club (spect)
rCold   + . .        (shield currently unavailable)
rNeg    + + +        K - +1 robe of Vines {NoPotionHeal Regen++++}
rPois   .            M - +2 hat
rElec   +            m - scarf {rC+ rF+}
rCorr   +            (gloves unavailable)
SInv    .            (boots unavailable)
Will    +....        (no amulet)
Stlth   +            L - ring of Wutetorph {rElec rN+ Dex+6}
HPRegen 4.44/turn    C - ring of resist corrosion
MPRegen 0.17/turn

%: no passive effects
@: lethally poisoned (-5 -> -13), divinely shielded, about to teleport, glowing
A: large, unfitting armour, claws 3, regeneration 1, shaggy fur 1, tough skin 1
a: Renounce Religion, Divine Shield, Cleansing Flame, Summon Divine Warrior,
Brand Weapon With Holy Wrath


You were on level 14 of the Dungeon.
You worshipped the Shining One.
The Shining One was exalted by your worship.
You visited 3 branches of the dungeon, and saw 21 of its levels.
You also visited: Sewer and Volcano.

You collected 2549 gold pieces.
You spent 166 gold pieces at shops.

Inventory:

Hand Weapons
 g - a +7 spectral giant spiked club (weapon)
 j - a +1 whip of flaming
 U - a +5 giant spiked club
Missiles
 d - 6 throwing nets
 e - 19 large rocks (quivered)
Armour
 m - a scarf of resistance (worn)
 K - the +1 robe of Vines (worn) {NoPotionHeal Regen++++}
   (You found it on level 1 of the Lair of Beasts)

   NoPotionHeal: Its wearer cannot be healed by potions.
   Regen:     It increases your rate of health regeneration.
 M - a +2 hat (worn)
Jewellery
 x - a ring of protection from cold
 C - a ring of resist corrosion (right claw)
 I - a ring of willpower
 J - a ring of flight
 L - the ring of Wutetorph (left claw) {rElec rN+ Dex+6}
   (You found it on level 2 of the Lair of Beasts)

   [ring of dexterity]

   Dex:       It affects your dexterity (+6).
   rElec:     It insulates you from electricity.
   rN:        It protects you from negative energy.
 R - a ring of protection from fire
 T - a ring of protection from cold
Wands
 c - a wand of iceblast (4)
 B - a wand of flame (35)
 H - a wand of paralysis (21)
 N - a wand of polymorph (7)
 O - a wand of digging (8)
 P - a wand of quicksilver (4)
Scrolls
 a - 7 scrolls of identify
 f - 8 scrolls of vulnerability
 h - 4 scrolls of magic mapping
 k - 5 scrolls of enchant weapon
 r - 2 scrolls of fear
 s - a scroll of blinking
 t - 2 scrolls of immolation
 v - 7 scrolls of teleportation
 y - 4 scrolls of amnesia
 A - 2 scrolls of enchant armour
 E - a scroll of butterflies
 G - 2 scrolls of fog
 Q - a scroll of torment
Potions
 b - a potion of resistance
 i - 5 potions of attraction
 l - 4 potions of brilliance
 n - 7 potions of mutation
 o - 6 potions of curing
 p - 7 potions of flight
 q - 5 potions of might
 u - a potion of magic
 w - 4 potions of ambrosia
 z - a potion of haste
 D - 4 potions of lignification
 F - 5 potions of heal wounds
 S - 2 potions of cancellation {unknown}


   Skills:
 - Level 10.0 Fighting
 + Level 13.0 Maces & Flails
 + Level 11.4 Throwing
 + Level 7.8 Armour
 - Level 10.5 Dodging
 - Level 10.3 Invocations


You had 14 spell levels left.
You didn't know any spells.
Your spell library contained the following spells:

 Spells                   Type           Power      Damage    Failure   Level
 Magic Dart               Conj           0%         1d3       45%         1
 Slow                     Hex            0%         N/A       45%         1
 Call Imp                 Summ           0%         N/A       58%         2
 Ensorcelled Hibernation  Hex/Ice        0%         N/A       58%         2
 Passwall                 Tmut/Erth      0%         N/A       58%         2
 Confusing Touch          Hex            0%         N/A       83%         3
 Mephitic Cloud           Conj/Pois/Air  0%         N/A       83%         3
 Swiftness                Air            0%         N/A       83%         3
 Vampiric Draining        Necr           0%         2d6       83%         3
 Anguish                  Hex/Necr       0%         N/A       99%         4
 Cause Fear               Hex            0%         N/A       99%         4
 Summon Ice Beast         Ice/Summ       0%         N/A       99%         4
 Summon Mana Viper        Hex/Summ       0%         N/A       100%        5
 Enfeeble                 Hex            0%         N/A       100%        7
 Monstrous Menagerie      Summ           0%         N/A       100%        7


Dungeon Overview and Level Annotations

Branches:
Dungeon (14/15)            Temple (0/1) D:7            Lair (5/5) D:11
  Swamp (0/4) Lair:2       Spider (0/4) Lair:2        Slime (0/5) Lair:5
    Orc (2/2) D:10            Elf (0/3) Orc:2         Sewer (visited)
Volcano (visited)
 Vaults: D:13-14

Altars:
Ashenzari
Dithmenos
Fedhas
Gozag
Hepliaklqana
Kikubaaqudgha
Nemelex Xobeh
Okawaru
Sif Muna
Trog
Xom
Yredelemnul
The Shining One
Jiyva

Shops:
D:2 ?![:   D:4 (   D:13 ?   Orc:2 ?([(

Annotations:
D:14 Nessos
Lair:5 3 runed translucent doors, kalagan's ghost, journeyman DECj


Innate Abilities, Weirdness & Mutations

You are too large for most types of armour.
You have claws for hands.
Your natural rate of healing is unusually fast.
You are covered in fur. (AC +1)
You have tough skin. (AC +1)


Message History

You feel very sick.
Nessos shoots an arrow.
The arrow hits you!
You are more poisoned.
Nessos shoots an arrow.
You block the arrow.
You feel extremely sick.
Nessos mumbles some strange words.
Nessos blinks!
Nessos mumbles some strange words.
Nessos blinks!
You feel very sick.
Nessos mumbles some strange words.
Nessos blinks!
Nessos shoots an arrow.
The arrow barely misses you.
Nessos shoots an arrow.
The arrow hits you! The arrow burns you.
You are more poisoned.
You feel very sick.
Nessos shoots an arrow.
The arrow hits you!
* * * LOW HITPOINT WARNING * * *
The arrow burns you.
You are more poisoned.
* * * LOW HITPOINT WARNING * * *
As you read the scroll of teleportation, it crumbles to dust.
You feel strangely unstable.
You feel extremely sick.
Nessos shoots an arrow.
The arrow hits you!
* * * LOW HITPOINT WARNING * * *
The arrow burns you.
* * * LOW HITPOINT WARNING * * *
Nessos shoots an arrow.
The arrow hits you!! The Shining One protects you from harm!
The arrow burns you.
You are lethally poisoned!
* * * LOW HITPOINT WARNING * * *
* * * LOW HITPOINT WARNING * * *
You feel extremely sick.
Nessos shoots an arrow.
The arrow misses you.
Nessos shoots an arrow.
The arrow barely misses you.
Nessos shoots an arrow.
You block the arrow.
* * * LOW HITPOINT WARNING * * *
You feel extremely sick.
Nessos shoots an arrow.
The arrow hits you!
You die...

#..........# #####
#..........#
#..........#
#..........#
#..........##
#...........##
#............####
##.........(#....#
#......@....###†.P.....
#.####.#####..cP.###..#
#. .....# . ## ......
...#..§. .P.##.._.#
.yy. #..§.#


You could see Nessos (fast).

Vanquished Creatures
  Jorgrun (Orc:2)
  An orc warlord (Orc:1)
  Josephine (D:13)
  A fire dragon (Lair:5)
  3 vault guards (D:14)
  Harold (Lair:1)
  2 hydras (Lair:1)
  A catoblepas (Lair:1)
  A centaur warrior (D:14)
  2 boulder beetles
  6 death yaks
  6 orc high priests
  2 two-headed ogres
  Nergalle (Lair:2)
  2 skysharks
  A fire crab (Volcano)
  A swamp dragon (Lair:5)
  3 lindwurms
  12 orc knights
  3 necromancers (Orc:1)
  7 ugly things
  An oklob plant (Lair:1)
  2 deep elf pyromancers (D:13)
  2 orc sorcerers
  4 cyclopes
  7 black mambas
  6 molten gargoyles
  Maggie (Lair:2)
  3 torpor snails
  16 cane toads
  2 gargoyles
  An efreet (D:14)
  10 komodo dragons
  4 rime drakes
  7 trolls
  2 hornets
  12 polar bears
  15 blink frogs
  An ettin zombie (Orc:1)
  10 dream sheep (Lair:5)
  Sigmund (D:5)
  8 slime creatures
  3 culicivoras (Lair:2)
  4 wyverns
  2 shadows (D:11)
  6 wraiths
  A vampire (D:10)
  63 yaks
  2 fire bats (Volcano)
  11 basilisks
  A human (D:10)
  5 steam dragons
  6 vampire mosquitoes
  7 wargs
  3 acid dragons (Lair:5)
  16 water moccasins
  19 hell hounds
  Duvessa (D:5)
  A swamp drake (Lair:5)
  A meliai simulacrum (D:11)
  47 orc warriors
  A sky beast (D:7)
  11 black bears (Lair:5)
  2 ice beasts (D:11)
  7 ogres
  25 wolves
  7 centaurs
  A phantom (D:5)
  5 kobold brigands
  A cyclops zombie (Orc:1)
  11 bullfrogs
  A gnoll sergeant (D:10)
  2 scorpions (D:5)
  14 wights
  Dowan (D:5)
  4 killer bees (D:10)
  12 electric eels
  3 howler monkeys (D:9)
  4 lava snakes (Volcano)
  2 hounds (D:6)
  4 jellies (Lair:5)
  40 orc priests
  A gnoll bouda (D:6)
  A human skeleton (D:10)
  5 iguanas
  20 orc wizards
  An ogre zombie (Orc:1)
  An ogre skeleton (Orc:1)
  9 gnolls
  14 adders
  3 orc zombies (Orc:1)
  7 river rats
  5 orc skeletons (Orc:1)
  4 white imps
  3 ufetubi
  4 worms
  2 dart slugs
  96 orcs
  2 orc simulacra (Orc:1)
  10 ball pythons
  5 endoplasms
  8 giant cockroaches
  5 goblins
  9 hobgoblins
  8 jackals
  27 kobolds
  6 quokkas
  16 bats
  4 frilled lizards
  A goblin skeleton (D:10)
  5 rats
812 creatures vanquished.

Vanquished Creatures (others)
  An orc priest (D:9)
  A kobold (D:9)
  10 spectral weapons
12 creatures vanquished.

Grand Total: 824 creatures vanquished

Notes
Turn   | Place    | Note
-------+----------+-------------------------------------------
     0 | D:1      | Jerry the Troll Gladiator began the quest for the Orb.
     0 | D:1      | Reached XP level 1. HP: 19/19 MP: 0/0
   184 | D:1      | Reached XP level 2. HP: 28/28 MP: 1/1
   559 | D:2      | Found Catiutu's Armour Shop.
   560 | D:2      | Found Coruetz's Distillery.
   673 | D:2      | Found a faded altar of an unknown god.
   682 | D:2      | Reached skill level 3 in Maces & Flails
   730 | D:2      | Found Darytz's Book Boutique.
   748 | D:2      | Reached XP level 3. HP: 19/35 MP: 2/2
   919 | D:2      | Found a hazy altar of Hepliaklqana.
   947 | D:2      | Identified the +0 pair of gloves of Roitz {Rampage *Slow
                  | Regen+ Dex+2}
  1020 | D:2      | Found Desa's Magic Scroll Emporium.
  1421 | D:3      | Found a glowing golden altar of the Shining One.
  1429 | D:3      | Became a worshipper of the Shining One
  1625 | D:3      | Reached XP level 4. HP: 41/42 MP: 3/3
  2074 | D:3      | Identified a scroll of acquirement
  2074 | D:3      | Acquired a +7 spectral giant spiked club
  2116 | D:4      | Found a glowing drain.
  2127 | Sewer    | Entered a sewer
  2206 | Sewer    | Reached skill level 1 in Invocations
  2258 | Sewer    | Reached XP level 5. HP: 32/50 MP: 4/4
  2294 | Sewer    | Reached * piety under the Shining One
  2527 | Sewer    | Reached XP level 6. HP: 59/59 MP: 6/6
  3336 | D:4      | Found Fuav's Weapon Shop.
  3466 | D:5      | Entered Level 5 of the Dungeon
  3541 | D:5      | Reached skill level 4 in Maces & Flails
  3565 | D:5      | Noticed Duvessa
  3574 | D:5      | Noticed Dowan
  3598 | D:5      | Killed Duvessa
  3599 | D:5      | Reached XP level 7. HP: 61/66 MP: 7/7
  3602 | D:5      | Killed Dowan
  3783 | D:5      | Found an opulent altar of Gozag.
  3785 | D:5      | Noticed Sigmund
  3788 | D:5      | Killed Sigmund
  3813 | D:5      | Found a sparkling altar of Nemelex Xobeh.
  4213 | D:6      | Found a blossoming altar of Fedhas.
  4215 | D:6      | Reached XP level 8. HP: 75/75 MP: 9/9
  4351 | D:6      | Identified the +6 trident of Jiuzuq {flame, rElec rF+
                  | Str+3}
  4358 | D:6      | Reached skill level 5 in Maces & Flails
  4468 | D:6      | Reached ** piety under the Shining One
  4798 | D:7      | Found a staircase to the Ecumenical Temple.
  4809 | D:7      | Noticed a hornet
  4813 | D:7      | Killed a hornet
  4921 | D:7      | Reached skill level 5 in Throwing
  5127 | D:7      | Reached skill level 5 in Dodging
  5137 | D:7      | Found a broken altar of Ashenzari.
  5804 | D:8      | Reached XP level 9. HP: 82/84 MP: 11/11
  5901 | D:8      | Reached skill level 6 in Maces & Flails
  6219 | D:8      | Reached skill level 5 in Invocations
  6301 | D:8      | Reached *** piety under the Shining One
  6433 | D:8      | Found a shadowy altar of Dithmenos.
  6464 | D:8      | Found a bloodstained altar of Trog.
  6546 | D:8      | Found an iron altar of Okawaru.
  7136 | D:9      | Noticed a troll
  7140 | D:8      | Reached skill level 1 in Armour
  7151 | D:8      | Killed a troll
  7152 | D:8      | Reached skill level 5 in Fighting
  7262 | D:9      | Found a shimmering altar of Xom.
  7267 | D:9      | Reached XP level 10. HP: 96/96 MP: 13/13
  7375 | D:9      | Found a shimmering blue altar of Sif Muna.
  7855 | D:10     | Entered Level 10 of the Dungeon
  7885 | D:10     | Noticed a gargoyle
  7891 | D:10     | Killed a gargoyle
  7892 | D:10     | Reached skill level 7 in Maces & Flails
  8019 | D:10     | Found a staircase to the Orcish Mines.
  8023 | D:10     | Reached **** piety under the Shining One
  8098 | D:10     | Found a runed translucent door.
  8101 | D:10     | Found a basalt altar of Yredelemnul.
  8805 | D:11     | Found a staircase to the Lair.
  8819 | D:11     | Reached XP level 11. HP: 99/105 MP: 15/15
  8948 | D:11     | Noticed a brown ugly thing
  8958 | D:11     | Killed a brown ugly thing
  9071 | D:11     | Reached skill level 8 in Maces & Flails
  9684 | Lair:1   | Entered Level 1 of the Lair of Beasts
  9746 | Lair:1   | Found the +1 robe of Vines {NoPotionHeal Regen++++}
  9747 | Lair:1   | Noticed a six-headed hydra
  9747 | Lair:1   | Noticed a six-headed hydra
  9763 | Lair:1   | Killed a six-headed hydra
  9829 | Lair:1   | Noticed an oklob plant
  9871 | Lair:1   | Killed a six-headed hydra
  9881 | Lair:1   | Reached skill level 5 in Armour
 10069 | Lair:1   | Noticed a catoblepas
 10085 | Lair:1   | Killed a catoblepas
 10221 | Lair:1   | Reached XP level 12. HP: 34/118 MP: 17/17
 11116 | Lair:2   | Reached skill level 9 in Maces & Flails
 11149 | Lair:2   | Reached ***** piety under the Shining One
 11184 | Lair:2   | Noticed Maggie
 11190 | Lair:2   | Killed Maggie
 11215 | Lair:2   | Found a hole to the Spider Nest.
 11239 | Lair:2   | You fall into a shaft and drop 1 floor!
 11297 | Lair:3   | Found a dark tunnel.
 11310 | Volcano  | Entered a volcano
 11509 | Volcano  | Found a radiant altar of Vehumet.
 11923 | Lair:2   | Identified the ring of Wutetorph {rElec rN+ Dex+6}
 11927 | Lair:2   | Noticed Nergalle
 11935 | Lair:2   | Killed Nergalle
 12134 | Lair:2   | Found a staircase to the Swamp.
 12162 | Lair:2   | Noticed a death yak
 12169 | Lair:2   | Noticed a death yak
 12177 | Lair:2   | Noticed a death yak
 12179 | Lair:2   | Noticed a death yak
 12180 | Lair:2   | Killed a death yak
 12180 | Lair:2   | Noticed a death yak
 12181 | Lair:2   | Reached XP level 13. HP: 86/128 MP: 18/18
 12282 | Lair:1   | Reached skill level 10 in Maces & Flails
 12382 | Lair:2   | Noticed Harold
 12554 | Lair:1   | Killed Harold
 12920 | Lair:3   | Reached skill level 10 in Throwing
 13927 | Lair:4   | Reached skill level 10 in Invocations
 14258 | Lair:5   | Entered Level 5 of the Lair of Beasts
 14416 | Lair:5   | Reached XP level 14. HP: 140/140 MP: 20/20
 14466 | Lair:5   | Reached skill level 11 in Maces & Flails
 14472 | Lair:5   | Reached ****** piety under the Shining One
 14594 | Lair:5   | Identified the +0 robe "Haeseg" {rPois Str+2}
 14778 | Lair:5   | Found a runed translucent gate.
 14867 | Lair:5   | Found a runed translucent gate.
 14869 | Lair:5   | Found a runed translucent gate.
 14869 | Lair:5   | Noticed kalagan's ghost (journeyman DECj)
 15027 | Lair:5   | Found a viscous altar of Jiyva.
 15027 | Lair:5   | Found a staircase to the Slime Pits.
 15403 | Lair:5   | Reached skill level 10 in Fighting
 15414 | Lair:5   | Identified the +0 pair of boots "Nimmasuh" {rElec rN+ Str+4
                  | Int-5}
 15748 | Orc:1    | Entered Level 1 of the Orcish Mines
 15783 | Orc:1    | Noticed an orc warlord
 15805 | Orc:1    | Killed an orc warlord
 15950 | Orc:1    | HP: 6/143 [smoke demon/divine providence[an orc high
                  | priest] (11)]
 16772 | Orc:2    | Entered Level 2 of the Orcish Mines
 16918 | Orc:2    | Noticed Jorgrun
 16930 | Orc:2    | Killed Jorgrun
 16931 | Orc:2    | Reached skill level 12 in Maces & Flails
 17103 | Orc:2    | Found a staircase to the Elven Halls.
 17313 | Orc:2    | Reached XP level 15. HP: 149/149 MP: 21/21
 17751 | Orc:2    | Found Qoenunk's Weapon Shoppe.
 17751 | Orc:2    | Found Quyc's Magic Scroll Shoppe.
 17752 | Orc:2    | Found Fuywum's Antique Armour Shoppe.
 17752 | Orc:2    | Found Kanost's Antique Weapon Emporium.
 18074 | Orc:2    | Bought a runed giant spiked club for 166 gold pieces
 18356 | D:12     | Reached skill level 10 in Dodging
 19048 | D:13     | Found The Oracle's Delphic Readings.
 19230 | D:13     | Noticed Josephine
 19241 | D:13     | Killed Josephine
 19566 | D:14     | Reached skill level 13 in Maces & Flails
 19608 | D:14     | Found an ancient bone altar of Kikubaaqudgha.
 19635 | D:14     | Noticed Nessos
 19649 | D:14     | The Shining One protects you from harm!
 19651 | D:14     | HP: 3/149 [poisoned by Nessos]
 19651 | D:14     | Shot with an arrow by Nessos

Illustrated notes

Levels and vault maps discovered:
D:1:      amcnicky_arrival_double_pillar, layout_basic, minmay_fountain_box
D:2:      layout_basic, basic_altar, ebering_ecumenical_altar_box, serial_shops,
          shop, nicolae_book_shop_shelving, nicolae_shop_rolled_up, shop
D:3:      layout_loops_ring, overflow_temple_1_default,
          minmay_increasing_density
D:4:      layout_basic, serial_shops, nicolae_shop_tiny_real_fake_doors,
          cheibrodos_sewer_entry_sluice
D:5:      layout_basic, nemelex_diamond_rough_becter,
          nicolae_gozag_cash_rules_everything_around_me, minmay_crystal_room,
          minmay_misc_feat_hallway, uniq_duvessa, uniq_sigmund
D:6:      layout_basic, fedhas_altar_3, grunt_decor_clamped,
          supply_closet_lemuel
D:7:      layout_basic, nicolae_ashenzari_skybound,
          minmay_temple_entry_crystal_x, serial_co_window_serial,
          co_window_paths_a, co_window_corner_a, co_window_of_opportunity_a,
          co_window_of_opportunity_a, co_window_paths_b, co_window_paths_c,
          co_window_2corner, co_window_2corner, co_window_paths_c,
          co_window_unsneaky_path_b, co_window_corner_cb,
          co_window_of_opportunity_c, co_window_4corner_b,
          kennysheep_another_room, minmay_misc_feat_iff
D:8:      layout_layer_cave, mainiacjoe_overflow_alcove_2,
          mainiacjoe_overflow_two_lobes, eino_small_chamber_without_monster,
          kennysheep_crisscross
D:9:      layout_loops_ring, mainiacjoe_overflow_boulevard,
          mainiacjoe_overflow_chevrons
D:10:     layout_basic, dk_yredelemnul_ordeal, erik_orc_4
D:11:     layout_basic, hellmonk_lair_entry_icy, minivault_8
D:12:     layout_roguey
D:13:     layout_rooms, nicolae_nh_oracle_at_delphi, uniq_josephine
D:14:     layout_rooms, erik_vaults_2, kiku_gazebo_garden_becter,
          hangedman_weighted_door, uniq_nessos
Lair:1:   layout_small_grid, hellmonk_guarded_unrand_vines
Lair:2:   layout_gridlike, minmay_swamp_entry_eels,
          hellmonk_spider_entry_life_and_decay, nicolae_quartered_pool_super,
          infiniplex_staircase_pool, uniq_harold, uniq_maggie, uniq_nergalle
Lair:3:   layout_hall_layers, nicolae_volcano_entry_vermiform,
          kennysheep_basilisk_garden, grunt_megastairs_5, serial_bayou_shore_a,
          serial_bayou_shore_b
Lair:4:   wander_river, layout_gridlike
Lair:5:   guppyfry_lair_end_dragon, layout_hall_layers,
          hangedman_lair_caniforms_friends, nicolae_slime_entry_slimehenge,
          gammafunk_ghost_hydra_chop
Orc:1:    dreamdust_under_siege, layout_diamond_mine, mines2_lemuel
Orc:2:    st_orc_pillars, layout_diamond_mine, special_room, uniq_jorgrun

Skill      XL: |  1  2  3  4  5  6  7  8  9 10 11 12 13 14 15 |
---------------+----------------------------------------------+-----
Throwing       | 2 3 4 5 6 7 8 9 10 11 | 11.4
Fighting       | 2 3 4 5 6 7 8 9 10 | 10.0
Maces & Flails | 3 4 5 6 7 8 9 10 12 13 | 13.0
Dodging        | 3 4 5 6 8 9 10 | 10.5
Invocations    | 1 2 3 4 5 6 8 9 10 | 10.3
Armour         | 1 3 5 6 7 |  7.8

Action                     |  1- 3 |  4- 6 |  7- 9 | 10-12 | 13-15 || total
---------------------------+-------+-------+-------+-------+-------++-------
  Melee: Flail             |    18 |       |       |       |       ||    18
         Whip              |   133 |    77 |       |       |       ||   210
         Punch             |     1 |     1 |       |       |       ||     2
         Giant spiked club |       |    71 |   119 |   299 |   824 ||  1313
  Throw: Throwing net      |       |     2 |       |       |       ||     2
         Large rock        |       |       |     4 |    31 |     1 ||    36
 Invoke: Divine Shield     |       |       |       |     1 |     3 ||     4
  Evoke: Wand              |       |       |       |       |     1 ||     1
    Use: Scroll            |       |    17 |     3 |     3 |    10 ||    33
         Potion            |       |     1 |       |     1 |     1 ||     3
   Stab: Sleeping          |     1 |       |       |       |       ||     1
 Armour: Robe              |    57 |    63 |    32 |    24 |   225 ||   401
         Steam dragon scal |       |       |    14 |    41 |       ||    55
  Dodge: Dodged            |    72 |   113 |    98 |   173 |   665 ||  1121
  Block: Other             |       |       |       |     5 |    26 ||    31
